 Dungeon Crawl Stone Soup version 0.24-a0-434-gd57e52fea8 (webtiles) character file.

Game seed: 12703684278297556256

291 Amnesiac the Magician (level 6, -2/41 HPs)
             Began as a Mummy Earth Elementalist on June 16, 2019.
             Slain by a killer bee (8 damage)
             ... on level 5 of the Dungeon.
             The game lasted 00:05:49 (1634 turns).

Amnesiac the Magician (Mummy Earth Elementalist)    Turns: 1634, Time: 00:05:50

Health: -2/41      AC:  4    Str: 11    XL:     6   Next: 10%
Magic:  10/13      EV: 12    Int: 16    God:
Gold:   106        SH:  0    Dex: 13    Spells: 2/14 levels left

rFire    x . .     SeeInvis .   a - +1 dagger (venom)
rCold    + . .     Gourm    .   (no shield)
rNeg     + + +     Faith    .   c - +0 robe
rPois    ∞         Spirit   .   g - +0 helmet
rElec    .         Reflect  .   (no cloak)
rCorr    .         Harm     .   (no gloves)
MR       .....                  (no boots)
Stlth    ++........             (no amulet)
HPRegen  0.13/turn              h - +1 ring of protection
MPRegen  0.13/turn              (no ring)

@: no status effects
A: no food or potions, fire vulnerability, cold resistance 1, negative energy
resistance 3, torment resistance, unbreathing
a: no special abilities


You were on level 5 of the Dungeon.
You were not hungry.

You visited 1 branch of the dungeon, and saw 6 of its levels.

You collected 106 gold pieces.

Inventory:

Hand Weapons
 a - a +1 dagger of venom (weapon)
 j - a +1 spear of piercing
Missiles
 b - 20 stones (quivered)
 f - 17 poisoned darts
Armour
 c - a +0 robe (worn)
 g - a +0 helmet (worn)
Jewellery
 h - a +1 ring of protection (left hand)
Wands
 k - a wand of flame (9)
Scrolls
 e - a scroll of remove curse {!r}
 i - a scroll of fog {!r}


   Skills:
 - Level 1.5 Dodging
 - Level 1.5 Stealth
 + Level 4.9 Spellcasting
 - Level 0.7 Transmutations
 * Level 4.9 Earth Magic


You had 2 spell levels left.
You knew the following spells:

 Your Spells              Type           Power        Failure   Level  Hunger
a - Sandblast             Erth           ###...       1%          1    N/A
b - Passwall              Tmut/Erth      ##......     8%          2    N/A
d - Lee's Rapid Deconstr  Erth           ###.......   50%         5    N/A
e - Petrify               Tmut/Erth      ##......     43%         4    N/A

Your spell library contained the following spells:

 Spells                   Type           Power        Failure   Level  Hunger
 Stone Arrow              Conj/Erth      ##....       17%         3    N/A

Dungeon Overview and Level Annotations

Branches:
Dungeon (6/15)
 Temple: D:4-7

Altars:


Innate Abilities, Weirdness & Mutations

You do not eat or drink.
Your flesh is vulnerable to fire.
You are immune to poison.
Your flesh is cold resistant. (rC+)
You are immune to negative energy. (rN+++)
You are immune to unholy pain and torment.
You can survive without breathing.


Message History

You hit the iguana.
The iguana looks even sicker.
The iguana is moderately wounded.
The iguana misses you.
You barely miss the iguana.
The iguana is moderately wounded.
The iguana closely misses you.
You hit the iguana.
The iguana looks as sick as possible!
The iguana is severely wounded.
The iguana misses you.
You kill the iguana!
You start resting.
HP restored.
You start resting.
HP restored.
Magic restored.
You see here a hound corpse.
A killer bee comes into view.
Casting: Petrify (quite dangerous; 43% risk of failure)
Confirm with . or Enter, or press ? or * to list all spells.
Aiming: Petrify (quite dangerous; 43% risk of failure)
Press: ? - help, Shift-Dir - straight line, f - killer bee
Aim: a killer bee (hasn't noticed you, chance to defeat MR: 52%)
The killer bee buzzes angrily.
The killer bee resists with significant effort.
A killer bee comes into view.
A killer bee comes into view.
The killer bee moves out of view.
You see here a hound corpse.
The killer bee closely misses you.
You closely miss the killer bee. The killer bee closely misses you.
A killer bee comes into view.
The killer bee barely misses you.
Your magical contamination has completely faded away.
You barely miss the killer bee. The killer bee barely misses you.
The killer bee stings you! The killer bee barely misses you.
You barely miss the killer bee. The killer bee closely misses you.
The killer bee misses you. The killer bee barely misses you.
The killer bee barely misses you.
The killer bee stings you but does no damage.
You closely miss the killer bee. The killer bee stings you.
The killer bee stings you!
You closely miss the killer bee. The killer bee stings you.
* * * LOW HITPOINT WARNING * * *
The killer bee stings you.
* * * LOW HITPOINT WARNING * * *
You barely miss the killer bee.
The killer bee stings you but does no damage.
The killer bee misses you.
You closely miss the killer bee.
The killer bee stings you but does no damage.
The killer bee closely misses you.
You hit the killer bee but do no damage.
The killer bee barely misses you. The killer bee stings you!
* * * LOW HITPOINT WARNING * * *
You barely miss the killer bee. The killer bee barely misses you.
The killer bee stings you.
* * * LOW HITPOINT WARNING * * *
You hit the killer bee.
The killer bee is lightly wounded.
The killer bee stings you but does no damage.
The killer bee stings you!
You die...

###### #....... #....#
#....... ##.##.#
#....... #.....#
#....... #.....#
#....... #.##..#
#....... #########...#
#.......
#.....@yy..#####.......
#....####.## #.........
#....#....####..y######
#...>......†.y.........
#........#....####.####
#....###.#....# .#
#.....##.#...y# #
#........######
######........#


You could see 2 killer bees.

Vanquished Creatures
  A sky beast (D:5)
  A crimson imp (D:5)
  A hound (D:5)
  An orc wizard (D:4)
  A centaur skeleton (D:5)
  An iguana (D:5)
  A worker ant (D:5)
  2 adders (D:2)
  A dart slug (D:2)
  A leopard gecko (D:3)
  2 orcs (D:5)
  A bat (D:2)
  A giant cockroach (D:2)
  A hobgoblin (D:2)
  4 kobolds
  A quokka (D:2)
  A frilled lizard (D:2)
  A goblin (D:1)
  A rat (D:1)
24 creatures vanquished.

Vanquished Creatures (others)
  8 fungi (D:5)
8 creatures vanquished.

Grand Total: 32 creatures vanquished

Notes
Turn   | Place    | Note
-------+----------+-------------------------------------------
     0 | D:1      | Amnesiac the Mummy Earth Elementalist began the quest for
                  | the Orb.
     0 | D:1      | Reached XP level 1. HP: 13/13 MP: 4/4
    63 | D:2      | Reached XP level 2. HP: 19/19 MP: 2/5
   305 | D:2      | Reached XP level 3. HP: 24/24 MP: 4/7
   534 | D:3      | Learned a level 2 spell: Passwall
   585 | D:5      | Entered Level 5 of the Dungeon
   616 | D:5      | Noticed a sky beast
   636 | D:5      | HP: 1/24 [sky beast (5)]
   637 | D:5      | Killed a sky beast
   637 | D:5      | Reached XP level 4. HP: 2/30 MP: 3/10
   640 | D:5      | Reached XP level 5. HP: 3/35 MP: 1/11
   880 | D:5      | Learned a level 4 spell: Petrify
  1095 | D:6      | Noticed an ogre
  1393 | D:6      | Noticed a phantom
  1393 | D:6      | Noticed a centaur
  1394 | D:6      | Noticed a sky beast
  1428 | D:5      | Reached XP level 6. HP: 32/41 MP: 11/13
  1444 | D:5      | Learned a level 5 spell: Lee's Rapid Deconstruction
  1634 | D:5      | Slain by a killer bee

Levels and vault maps discovered:
D:1:      scummos_arrival_checkerplants, layout_loops_ring, st_stairs_4,
          chequers_serial_rivers_micro_b
D:2:      layout_rooms, gammafunk_temple_overflow_statue,
          chequers_ecumenical_altar_simple_redux, grunt_decor_mini_mirrors
D:3:      layout_rooms, first_ration, uniq_terence
D:4:      layout_rooms, nicolae_overflow_crystal_walls
D:5:      layout_basic, serial_aquarium, aquarium_bridge_straight
          [aquarium_subvault_bridge, aquarium_subvault_window,
          aquarium_subvault_bridge, aquarium_subvault_window],
          aquarium_window_corridor_3, aquarium_window_1, aquarium_view_2c,
          aquarium_view_2e
D:6:      layout_basic

Skill      XL: |  1  2  3 |
---------------+----------+-----
Earth Magic    | 3 4 |  4.9
Spellcasting   | 3 4 |  4.9
Dodging        | |  1.5
Stealth        | |  1.5
Transmutations | |  0.7

Action                   |  1- 3 |  4- 6 || total
-------------------------+-------+-------++-------
Melee: Unarmed           |    33 |       ||    33
       Dagger            |    15 |    35 ||    50
 Cast: Sandblast         |    24 |     5 ||    29
       Petrify           |       |     2 ||     2
  Use: Scroll            |       |     2 ||     2
Armor: Robe              |     5 |    10 ||    15
Dodge: Dodged            |    30 |    38 ||    68

Table legend:
 A = Non-vault XP
 B = Vault XP
 C = Vault XP percentage of total XP
 D = Non-vault monster count
 E = Vault monster count
 F = Vault count percentage of total count
                 A         B        C        D         E       F
            +---------+---------+-------+---------+---------+-------
      Total |     416 |       0 |   0.0 |      24 |       0 |   0.0
            +---------+---------+-------+---------+---------+-------
        D:1 |       2 |       0 |   0.0 |       2 |       0 |   0.0
        D:2 |      46 |       0 |   0.0 |      11 |       0 |   0.0
        D:3 |       4 |       0 |   0.0 |       2 |       0 |   0.0
        D:4 |      40 |       0 |   0.0 |       1 |       0 |   0.0
        D:5 |     324 |       0 |   0.0 |       8 |       0 |   0.0
            +---------+---------+-------+---------+---------+-------
